 Dungeon Crawl Stone Soup version 0.19.0-20-gbc5f0c6 (webtiles) character file.

124 toast the Chopper (level 4, -1/41 HPs)
             Began as a Minotaur Fighter on Nov 17, 2016.
             Killed from afar by Natasha (8 damage)
             ... with a wand of flame
             ... on level 3 of the Dungeon.
             The game lasted 00:03:53 (1301 turns).

toast the Chopper (Minotaur Fighter)                Turns: 1301, Time: 00:03:53

Health: -1/41      AC:  7    Str: 22    XL:     4   Next: 81%
Magic:  3/3        EV:  7    Int:  5    God:
Gold:   120        SH:  9    Dex:  9    Spells: 0 memorised, 3 levels left

rFire  . . .     SeeInvis +     a - +0 war axe
rCold  . . .     Gourm    .     b - +0 scale mail
rNeg   . . .     Faith    .     c - +0 shield
rPois  .         Spirit   .     (helmet restricted)
rElec  .         Reflect  .     (no cloak)
rCorr  .         Harm     .     (no gloves)
MR     .....                    (no boots)
Stlth  ..........               (no amulet)
                                (no ring)
                                l - ring of see invisible

@: drained
A: retaliatory headbutt, horns 2
a: no special abilities


You were on level 3 of the Dungeon.
You were hungry.

You visited 1 branch of the dungeon, and saw 3 of its levels.

You collected 120 gold pieces.

Inventory:

Hand Weapons
 a - a +0 war axe (weapon)
Armour
 b - a +0 scale mail (worn)
 c - a +0 shield (worn)
Jewellery
 l - a ring of see invisible (left hand)
Scrolls
 h - a scroll of teleportation
 k - a scroll of enchant weapon {unknown}
Potions
 d - a potion of might
 e - 2 potions of lignification {unknown}
 i - a potion of curing {unknown}
Comestibles
 f - 3 bread rations
 g - a chunk of flesh
 j - a royal jelly
 m - a meat ration


   Skills:
 + Level 4.4(3.8) Fighting
 * Level 4.7(4.1) Axes
 + Level 4.6(3.9) Armour
 - Level 3.6(3.0) Shields


You had 3 spell levels left.
You didn't know any spells.

Dungeon Overview and Level Annotations

Branches:
Dungeon (3/15)

Altars:

Annotations:
D:3 Natasha, Sigmund


Innate Abilities, Weirdness & Mutations

You reflexively headbutt those who attack you in melee.
You have a pair of horns on your head.


Message History

* * * LOW HITPOINT WARNING * * *
Sigmund points at you and mumbles some strange words.
You block the puff of flame. The adder bites you but does no damage.
You block the adder's attack.
You slash the adder!
You kill the adder!
Natasha hisses angrily.
Natasha stares at you and mumbles some strange words.
The magic dart hits you!
* * * LOW HITPOINT WARNING * * *
A rat comes into view.
Sigmund screams, "I am the angel of ZOT!!!"
A goblin comes into view.
The goblin shouts!
Natasha howls an incantation.
Natasha shimmers violently.
Sigmund casts a spell.
Sigmund flickers and vanishes for a moment.
Natasha zaps a wand.
The puff of flame hits you!
You die...

#........... ..+
#..g........ ...# .
#..@........ ...#.##
#........... ...#...
###..#+#+#+##.......
########
#..#.#.#.#........
.......<
#.##.#..#[....#........
..######
#........g@......hrg...
.....##
########....###@.......
#... ...........#
#........ .....##
.######...## #.#####..
##. # #...# #.....#. ##
#...#
######.#.#######.##
#...# #....#.#
.......... #...#
#.##.#.###..#....#
#...# #.##.#........#
#...#
#.##......#.#######


You could see Sigmund (invisible), Natasha, 2 goblins and a rat.

Vanquished Creatures
  A hound (D:3)
  Natasha (D:3)
  An adder (D:3)
  A worm (D:3)
  4 leopard geckos
  3 bats
  2 giant cockroaches
  11 goblins
  8 hobgoblins
  6 frilled lizards (D:1)
  4 kobolds (D:1)
  9 rats
51 creatures vanquished.

Notes
Turn   | Place    | Note
-------+----------+-------------------------------------------
     0 | D:1      | toast the Minotaur Fighter began the quest for the Orb.
     0 | D:1      | Reached XP level 1. HP: 19/19 MP: 0/0
    80 | D:1      | Reached XP level 2. HP: 27/27 MP: 1/1
   384 | D:1      | Reached XP level 3. HP: 28/33 MP: 2/2
  1023 | D:3      | Reached XP level 4. HP: 33/40 MP: 3/3
  1114 | D:3      | Noticed Natasha
  1126 | D:3      | Killed Natasha
  1256 | D:3      | Noticed Natasha
  1275 | D:3      | Noticed Sigmund
  1301 | D:3      | Killed from afar by Natasha

Skill      XL: |  1  2  3 |
---------------+----------+-----
Armour         | 4 |  4.6
Axes           | 3 4 |  4.7
Fighting       | 4 |  4.4
Shields        | |  3.6

Action                   |  1- 3 |  4- 6 || total
-------------------------+-------+-------++-------
Melee: War axe           |   102 |    22 ||   124
       Headbutt          |    12 |       ||    12
  Use: Scroll            |     6 |       ||     6
  Eat: Chunk             |     1 |       ||     1
Armor: Scale mail        |    51 |     9 ||    60
Dodge: Dodged            |    36 |     7 ||    43
Block: Shield            |    51 |    13 ||    64
